 Dungeon Crawl Stone Soup version 0.26-a0-937-g67df3f2acb (webtiles) character file.

Game seed: 6794002021911562925

52 PentaManta the Insei (level 3, -5/20 HPs)
             Began as a Vine Stalker Monk on Nov 27, 2020.
             Slain by a gnoll
             ... wielding a +0 halberd
              (12 damage)
             ... on level 2 of the Dungeon.
             The game lasted 00:01:56 (1725 turns).

PentaManta the Insei (Vine Stalker Monk)            Turns: 1725, Time: 00:01:56

Health: -5/20      AC:  2    Str: 14    XL:     3   Next: 85%
Magic:  0/4        EV: 13    Int: 10    God:
Gold:   64         SH:  0    Dex: 16    Spells: 2/2 levels left

rFire    . . .     SeeInvis .     - Unarmed
rCold    . . .     Faith    .   (no shield)
rNeg     . . .     Spirit   +   a - +0 robe
rPois    .         Reflect  .   (no helmet)
rElec    .         Harm     .   (no cloak)
rCorr    .         Rampage  .   (no gloves)
MR       +....                  (no boots)
Stlth    ++........             (no amulet)
HPRegen  0.06/turn              b - ring of protection from magic
MPRegen  0.09/turn              (no ring)

@: no status effects
A: fangs 2, magic shield, antimagic bite, no potion heal 3, rot immunity
a: no special abilities


You were on level 2 of the Dungeon.
You visited 1 branch of the dungeon, and saw 3 of its levels.

You collected 64 gold pieces.

Inventory:

Armour
 a - a +0 robe (worn)
Jewellery
 b - a ring of protection from magic (left hand)
 d - a +6 ring of strength {unknown}
 e - an uncursed ring of positive energy {unknown}
Scrolls
 f - a scroll of teleportation {unknown}
Potions
 c - a potion of lignification {unknown}


   Skills:
 + Level 3.0 Fighting
 + Level 1.0 Armour
 + Level 2.7 Dodging
 - Level 2.4 Stealth
 * Level 3.7 Unarmed Combat


You had 2 spell levels left.
You didn't know any spells.
Your spell library was empty.

Dungeon Overview and Level Annotations

Branches:
Dungeon (3/15)

Altars:


Innate Abilities, Weirdness & Mutations

You have extremely sharp teeth.
When hurt, damage is shared between your health and your magic reserves.
Your bite disrupts and absorbs the magic of your enemies.
Potions cannot restore your health.
You are immune to rotting.


Message History

The rat is severely wounded.
The rat bites you.
* * * LOW HITPOINT WARNING * * *
You hit the rat.
You kill the rat!
An adder comes into view.
Things that are here:
a +0 club; a gnoll corpse
There is a stone staircase leading up here.
You start resting.
Magic restored.
You start resting.
HP restored.
You climb upwards.
The gnoll hits you with a +0 flail! The gnoll closely misses you.
The gnoll hits you from afar with a +0 halberd!
There is a stone staircase leading down, spattered with blood here.
The gnoll hits you from afar with a +0 halberd!
Ouch! That really hurt!
You die...

...######+##..# #.##...##..#
...........#..# ..# ###..#..#
..........#..##########.#..#
#........##...............#
####........##...######.####.#
.................# #.####.#
...............g.# #....#.#
................g# ####.#.#
............###.@### #.#.#
....†...#..........# #.#.#
....)##.#..........# #.#.#
..... ###..........# #...#
..... #.>........# #####
...................#
...................#
..........##########
..........


You could see 2 gnolls.

Vanquished Creatures
  A gnoll (D:3)
  An ooze (D:1)
  A leopard gecko (D:2)
  3 orcs (D:2)
  3 giant cockroaches
  4 goblins
  5 hobgoblins
  2 jackals (D:1)
  3 bats (D:1)
  2 frilled lizards (D:1)
  5 kobolds
  A rat (D:3)
31 creatures vanquished.

Notes
Turn   | Place    | Note
-------+----------+-------------------------------------------
     0 | D:1      | PentaManta the Vine Stalker Monk began the quest for the
                  | Orb.
     0 | D:1      | Reached XP level 1. HP: 11/11 MP: 2/2
   416 | D:1      | Reached XP level 2. HP: 13/16 MP: 3/3
  1196 | D:1      | Reached XP level 3. HP: 19/19 MP: 4/4
  1501 | D:3      | Reached skill level 1 in Armour
  1725 | D:2      | Slain by a gnoll

Illustrated notes

Levels and vault maps discovered:
D:1:      dpeg_arrival_chambers_temple_mockup, layout_basic
D:2:      layout_basic, chequers_ecumenical_altar_grove,
          guppyfry_early_orc_mine, uniq_sigmund
D:3:      layout_basic, gammafunk_ghost_stat_death,
          hangedman_decor_clover_reticule, uniq_terence

Skill      XL: |  1  2  3 |
---------------+----------+-----
Fighting       | 3 |  3.0
Armour         | 1 |  1.0
Dodging        | |  2.7
Stealth        | |  2.4
Unarmed Combat | |  3.7

Action                   || total
-------------------------++-------
Melee: Unarmed           ||   108
       Bite              ||    22
 Stab: Sleeping          ||     2
Armor: Robe              ||    15
Dodge: Dodged            ||    82

Table legend: (Time is in decaauts)
 A = Elapsed time spent in this place.
 B = Non-inter-level travel time spent in this place.
 C = Inter-level travel time spent in this place.
 D = Time resting spent in this place.
 E = Time spent auto-exploring this place.
 F = Levels seen in this place.
 G = Mean time per level.
                   A        B        C        D        E       F      G
               +--------+--------+--------+--------+--------+-----+--------+
         Total |   1716 |   1671 |     45 |    217 |   1240 |   3 |  572.0 |
       Dungeon |   1716 |   1671 |     45 |    217 |   1240 |   3 |  572.0 |
               +--------+--------+--------+--------+--------+-----+--------+

Top non-repeatable levels by time:
     D:1: 1293 daAuts
     D:3: 226 daAuts
     D:2: 196 daAuts
